 Dungeon Crawl Stone Soup version 0.30-a0-989-g0d87f670db (webtiles) character file.

Game seed: 17867265918425322017

30 2tousent the Sneak (level 3, 0/19 HPs)
             Began as a Kobold Enchanter on Apr 3, 2023.
             Succumbed to an adder's poison
             ... on level 2 of the Dungeon.
             The game lasted 00:01:48 (1170 turns).

2tousent the Sneak (Kobold Enchanter)               Turns: 1170, Time: 00:01:49

Health: 0/19       AC:  2    Str:  5    XL:     3   Next: 37%
Magic:  4/6        EV: 15    Int: 16    God:
Gold:   32         SH:  0    Dex: 17    Spells: 1/6 levels left

rFire   . . .      SeeInvis .    a - +1 dagger
rCold   . . .      Faith    .    (no shield)
rNeg    . . .      Spirit   .    b - +0 robe
rPois   .          Reflect  .    (no helmet)
rElec   .          Rampage  .    (no cloak)
rCorr   +                        (no gloves)
Will    .....                    (no boots)
Stlth   ++++                     (no amulet)
HPRegen 0.23/turn                e - ring of resist corrosion
MPRegen 0.10/turn                (no ring)

@: lethally poisoned (0 -> -3), very slightly contaminated, invisible
A: small, no large weapons, nightstalker 3
a: no special abilities


You were on level 2 of the Dungeon.
You visited 1 branch of the dungeon, and saw 2 of its levels.

You collected 32 gold pieces.

Inventory:

Hand Weapons
 a - a +1 dagger (weapon)
Armour
 b - a +0 robe (worn)
Jewellery
 e - a ring of resist corrosion (left hand)
Scrolls
 d - a scroll of poison
Potions
 c - a potion of invisibility
 f - a potion of degeneration {unknown}


   Skills:
 * Level 2.7 Short Blades
 + Level 2.9 Dodging
 + Level 4.4 Stealth
 - Level 2.1 Spellcasting
 + Level 3.2 Hexes


You had one spell level left.
You knew the following spells:

 Your Spells              Type           Power      Damage    Failure   Level
a - Ensorcelled Hibernat  Hex/Ice        14%        N/A       16%         2
b - Dazzling Flash        Conj/Hex       14%        N/A       30%         3

Your spell library contained the following spells:

 Spells                   Type           Power      Damage    Failure   Level
 Freeze                   Ice            4%         1d3       21%         1
 Confusing Touch          Hex            12%        N/A       16%         3
 Tukima's Dance           Hex            12%        N/A       16%         3
 Portal Projectile        Hex/Tloc       14%        N/A       30%         3
 Call Canine Familiar     Summ           1%         N/A       52%         3
 Frozen Ramparts          Ice            2%         1d1       52%         3
 Hailstorm                Conj/Ice       1%         3d3       52%         3
 Leda's Liquefaction      Hex/Erth       3%         N/A       71%         4


Dungeon Overview and Level Annotations

Branches:
Dungeon (2/15)

Altars:


Innate Abilities, Weirdness & Mutations

You are small and have problems with some larger weapons.
You are completely attuned to the shadows.


Message History

You miss the adder. The rat barely misses you.
The adder bites you but does no damage.
You hit the adder.
The adder is heavily wounded.
The rat bites you but does no damage. The adder bites you.
You barely miss the adder.
The adder is heavily wounded.
The adder misses you. The rat bites you.
You closely miss the adder.
The adder is heavily wounded.
The adder bites you. The rat bites you but does no damage.
You barely miss the adder.
The adder is heavily wounded.
The adder misses you. The rat closely misses you.
There are monsters nearby!
You hit the adder.
The adder is heavily wounded.
The adder bites you but does no damage. The rat bites you.
The adder misses you.
You barely miss the adder.
The adder is heavily wounded.
The adder bites you.
You are poisoned.
The adder poisons you! The rat misses you.
Cast which spell? (? or * to list)
Aiming: Ensorcelled Hibernation (safe; 16% risk of failure)
Press: ? - help, Shift-Dir - straight line, f - rat
Aim: a rat (chance to affect: 58%)
You miscast Ensorcelled Hibernation.
You are very lightly contaminated with residual magic.
Nothing appears to happen.
* * * LOW HITPOINT WARNING * * *
You feel sick. The adder bites you.
* * * LOW HITPOINT WARNING * * *
The rat closely misses you.
Casting: Ensorcelled Hibernation (safe; 16% risk of failure)
Confirm with . or Enter, or press ? or * to list all spells.
Okay, then.
You fade into invisibility!
You die...

#.....# .#.##.#
#.....#..#..#.#
#.....##.##.#.#
###.....##..#...##
#!...........#.<.##
#..............#..#
#.........#.......#
#.........#†.......
#.@.......#........
#Sr.......#.......>
#........ #..†...##
#......# #......#
#......# ########


You could see an adder (unable to see you) and a rat (unable to see you).

Vanquished Creatures
  An adder (D:2)
  An endoplasm (D:1)
  A giant cockroach (D:2)
  A goblin (D:1)
  3 hobgoblins (D:1)
  5 kobolds (D:1)
  A quokka (D:2)
  3 ball pythons
  A bat (D:1)
  2 frilled lizards
19 creatures vanquished.

Notes
Turn   | Place    | Note
-------+----------+-------------------------------------------
     0 | D:1      | 2tousent the Kobold Enchanter began the quest for the Orb.
     0 | D:1      | Reached XP level 1. HP: 10/10 MP: 3/3
   504 | D:1      | Reached XP level 2. HP: 15/15 MP: 5/5
  1053 | D:2      | Reached XP level 3. HP: 8/19 MP: 6/6
  1056 | D:2      | Learned a level 2 spell: Ensorcelled Hibernation
  1060 | D:2      | Learned a level 3 spell: Dazzling Flash
  1170 | D:2      | Succumbed to an adder's poison

Illustrated notes

Levels and vault maps discovered:
D:1:      minmay_arrival_nine_rooms, layout_basic, minmay_misc_feat_encased
D:2:      layout_basic, basic_altar

Skill      XL: |  1 |
---------------+----+-----
Short Blades   | 2 |  2.7
Dodging        | |  2.9
Stealth        | |  4.4
Spellcasting   | |  2.1
Hexes          | |  3.2

Action                     || total
---------------------------++-------
  Melee: Dagger            ||    75
    Use: Scroll            ||     1
         Potion            ||     1
   Stab: Sleeping          ||     9
 Armour: Robe              ||     9
  Dodge: Dodged            ||    53

Table legend: (Time is in decaauts)
 A = Elapsed time spent in this place.
 B = Non-inter-level travel time spent in this place.
 C = Inter-level travel time spent in this place.
 D = Time resting spent in this place.
 E = Time spent auto-exploring this place.
 F = Levels seen in this place.
 G = Mean time per level.
                   A        B        C        D        E       F      G
               +--------+--------+--------+--------+--------+-----+--------+
         Total |   1161 |   1111 |     50 |     23 |    926 |   2 |  580.5 |
       Dungeon |   1161 |   1111 |     50 |     23 |    926 |   2 |  580.5 |
               +--------+--------+--------+--------+--------+-----+--------+

Top non-repeatable levels by time:
     D:1: 988 daAuts
     D:2: 172 daAuts
